3AAA
SCRANTON SUPERNOVAS @ WILMINGTON BAY HAWKS
09/16/2022
 
TOP OF THE 1ST
Scranton Supernovas batting - Pitching for Wilmington Bay Hawks : RHP Jim Unknown
Pitching: RHP Jim Unknown
Batting: RHB Jim Unknown 0-0: Foul Ball, location: 2F
0-1: Called Strike
0-2: Strikes out swinging
Batting: RHB Josh Stafford 0-0: Ball
1-0: Ground out 6-3 (Groundball, 6)
Batting: RHB Jesús Rodríguez 0-0: Called Strike
0-1: Ball
1-1: Ball
2-1: Ball
3-1: Foul Ball, location: 2F
3-2: Strikes out swinging
Top of the 1st over - 0 run(s), 0 hit(s), 0 error(s), 0 left on base; Scranton 0 - Wilmington 0
BOTTOM OF THE 1ST
Wilmington Bay Hawks batting - Pitching for Scranton Supernovas : RHP Jim Unknown
Pitching: RHP Jim Unknown
Batting: LHB Jim Unknown 0-0: Ball
1-0: Called Strike
1-1: Ground out 6-3 (Groundball, 6M)
Batting: SHB José Martínez 0-0: Ball
1-0: Ball
2-0: SINGLE (Groundball, 4M)
Batting: RHB Manny Freitas 0-0: Ball
1-0: Ball
José Martínez steals 2nd base
2-0: Foul Ball, location: 2F
2-1: Ground out 1-3 (Groundball, 15)
Batting: LHB Phil Parkinson 0-0: Ball
1-0: Called Strike
1-1: Called Strike
1-2: Ball
2-2: Ball
3-2: Ground out 4-3 (Groundball, 4)
Bottom of the 1st over - 0 run(s), 1 hit(s), 0 error(s), 1 left on base; Scranton 0 - Wilmington 0
TOP OF THE 2ND
Scranton Supernovas batting - Pitching for Wilmington Bay Hawks : RHP Jim Unknown
Batting: LHB Héctor Torres 0-0: Called Strike
0-1: Foul Ball, location: 2F
0-2: SINGLE (Groundball, 3D)
Batting: RHB Patrizio Vanali 0-0: Fly out, F4 (Popup, 4MD)
Batting: RHB Brad Jacobson 0-0: Ball
1-0: Ball
Single, Error in OF, E8, batter to second base
Héctor Torres to third
Batting: RHB Ethan Stanford 0-0: Ball
1-0: DOUBLE (Line Drive, 8RS)
Héctor Torres scores
Brad Jacobson scores
Batting: RHB Stephen Blair 0-0: Foul Ball, location: 2F
0-1: TRIPLE (Line Drive, 7LS)
Ethan Stanford scores
Batting: RHB Jerome Wilson 0-0: Foul Ball, location: 2F
0-1: Ball
1-1: Swinging Strike
1-2: Ball
2-2: Strikes out swinging
Batting: RHB Jim Unknown 0-0: Ball
1-0: Called Strike
1-1: SINGLE (Line Drive, 8LS)
Stephen Blair scores
Batting: RHB Josh Stafford 0-0: Called Strike
Throwing error on steal attempt, E2
Jim Unknown to third
0-1: Ground out 4-3 (Groundball, 4)
Top of the 2nd over - 4 run(s), 5 hit(s), 2 error(s), 1 left on base; Scranton 4 - Wilmington 0
BOTTOM OF THE 2ND
Wilmington Bay Hawks batting - Pitching for Scranton Supernovas : RHP Jim Unknown
Batting: RHB Phil Terry 0-0: Called Strike
0-1: Called Strike
0-2: Strikes out looking
Batting: LHB En-lai Gao 0-0: Foul Ball, location: 2F
0-1: Ball
1-1: Foul Ball, location: 2F
1-2: Ball
2-2: SINGLE (Line Drive, 4MD)
Batting: RHB Jim Unknown 0-0: DOUBLE (Line Drive, 5L)
En-lai Gao to third
Runner from 3rd tries for Home, SAFE, no throw or cutoff
Batting: RHB Bob McNeil 0-0: Ball
1-0: SINGLE (Groundball, 56D)
Jim Unknown to third
Batting: RHB Jim Unknown 0-0: Called Strike
0-1: Ball
1-1: Called Strike
1-2: Ball
2-2: Foul Ball, location: 2F
2-2: Grounds into double play, 5-4-3 (Groundball, 56)
Bottom of the 2nd over - 1 run(s), 3 hit(s), 0 error(s), 1 left on base; Scranton 4 - Wilmington 1
TOP OF THE 3RD
Scranton Supernovas batting - Pitching for Wilmington Bay Hawks : RHP Jim Unknown
Batting: RHB Jesús Rodríguez 0-0: Called Strike
0-1: Ball
1-1: Ball
2-1: Foul Ball, location: 2F
2-2: Strikes out looking
Batting: LHB Héctor Torres 0-0: Ball
1-0: Called Strike
1-1: Foul Ball, location: 2F
1-2: Strikes out swinging
Batting: RHB Patrizio Vanali 0-0: Ball
1-0: Called Strike
1-1: Ball
2-1: Foul Ball, location: 2F
2-2: Ball
3-2: Strikes out swinging
Top of the 3rd over - 0 run(s), 0 hit(s), 0 error(s), 0 left on base; Scranton 4 - Wilmington 1
BOTTOM OF THE 3RD
Wilmington Bay Hawks batting - Pitching for Scranton Supernovas : RHP Jim Unknown
Batting: LHB Jim Unknown 0-0: Ball
1-0: Ball
2-0: Called Strike
2-1: Ground out 6-3 (Groundball, 6)
Batting: SHB José Martínez 0-0: Ball
1-0: Called Strike
1-1: Ball
2-1: Foul Ball, location: 2F
2-2: SINGLE (Line Drive, 4M)
Batting: RHB Manny Freitas 0-0: Ball
1-0: Called Strike
1-1: Called Strike
1-2: Ball
2-2: Ball
3-2: Foul Ball, location: 2F
3-2: Foul Ball, location: 2F
3-2: Foul Ball, location: 2F
3-2: Base on Balls
José Martínez to second
Batting: LHB Phil Parkinson 0-0: Foul Ball, location: 2F
0-1: Foul Ball, location: 2F
0-2: Strikes out swinging
Batting: RHB Phil Terry 0-0: Ball
1-0: Ground out 1-3 (Groundball, 13)
Bottom of the 3rd over - 0 run(s), 1 hit(s), 0 error(s), 2 left on base; Scranton 4 - Wilmington 1
TOP OF THE 4TH
Scranton Supernovas batting - Pitching for Wilmington Bay Hawks : RHP Jim Unknown
Batting: RHB Brad Jacobson 0-0: Ground out 1-3 (Groundball, 13)
Batting: RHB Ethan Stanford 0-0: Ball
1-0: Swinging Strike
1-1: Foul Ball, location: 2F
1-2: Ground out 5-3 (Groundball, 56)
Batting: RHB Stephen Blair 0-0: Called Strike
0-1: Ball
1-1: Ground out 6-3 (Groundball, 6)
Top of the 4th over - 0 run(s), 0 hit(s), 0 error(s), 0 left on base; Scranton 4 - Wilmington 1
BOTTOM OF THE 4TH
Wilmington Bay Hawks batting - Pitching for Scranton Supernovas : RHP Jim Unknown
Batting: LHB En-lai Gao 0-0: Ground out 3-1 (Groundball, 34S)
Batting: RHB Jim Unknown 0-0: Ball
1-0: Swinging Strike
1-1: Swinging Strike
1-2: SINGLE (Groundball, 6MD)
Batting: RHB Bob McNeil 0-0: Foul Ball, location: 2F
0-1: DOUBLE (Line Drive, 78XD)
Jim Unknown to third
Batting: RHB Jim Unknown 0-0: Ball
1-0: Foul Ball, location: 2F
1-1: Called Strike
1-2: Fly out, F8 (Flyball, 89M)
Runner from 3rd tags up, SCORES, throw made
Batting: LHB Jim Unknown 0-0: Ground out 6-3 (Groundball, 6)
Bottom of the 4th over - 1 run(s), 2 hit(s), 0 error(s), 1 left on base; Scranton 4 - Wilmington 2
TOP OF THE 5TH
Scranton Supernovas batting - Pitching for Wilmington Bay Hawks : RHP Jim Unknown
Batting: RHB Jerome Wilson 0-0: Foul Ball, location: 2F
0-1: Ball
1-1: SINGLE (Groundball, 56)
Batting: RHB Jim Unknown 0-0: Ball
1-0: Ball
2-0: Ball
3-0: Base on Balls
Jerome Wilson to second
Batting: RHB Josh Stafford 0-0: Called Strike
0-1: SINGLE (Groundball, 56D)
Jerome Wilson to third
Jim Unknown to second
Batting: RHB Jesús Rodríguez 0-0: Foul Ball, location: 2F
0-1: Ball
1-1: Fly out, F8 (Flyball, 89D)
Runner from 3rd tags up, SCORES, no throw
Batting: LHB Héctor Torres 0-0: Ball
1-0: Called Strike
1-1: Ball
2-1: Foul Ball, location: 2F
2-2: Strikes out swinging
Batting: RHB Patrizio Vanali 0-0: Called Strike
0-1: Ball
1-1: DOUBLE (Line Drive, 89M)
Jim Unknown scores
Josh Stafford to third
Runner from 3rd tries for Home, SAFE, no throw or cutoff
Pitching: RHP Jim Unknown
Batting: RHB Brad Jacobson 0-0: Called Strike
0-1: Ground out 5-3 (Groundball, 5)
Top of the 5th over - 3 run(s), 3 hit(s), 0 error(s), 1 left on base; Scranton 7 - Wilmington 2
BOTTOM OF THE 5TH
Wilmington Bay Hawks batting - Pitching for Scranton Supernovas : RHP Jim Unknown
Batting: SHB José Martínez 0-0: Called Strike
0-1: Ball
1-1: Ball
2-1: Foul Ball, location: 2F
2-2: SINGLE (Groundball, 34D)
Batting: RHB Manny Freitas 0-0: Ball
1-0: Ball
2-0: Swinging Strike
2-1: Foul Ball, location: 2F
2-2: Ball
3-2: Strikes out swinging
Batting: LHB Phil Parkinson 0-0: Ball
1-0: Ball
2-0: Swinging Strike
2-1: Ball
3-1: Ground out U3 (Groundball, 3S)
José Martínez to second
Batting: RHB Phil Terry 0-0: Ball
1-0: Foul Ball, location: 2F
1-1: Ball
2-1: DOUBLE (Line Drive, 89M)
José Martínez scores
Batting: LHB En-lai Gao 0-0: Swinging Strike
0-1: Ball
1-1: SINGLE (Line Drive, 4MD)
Phil Terry to third
Runner from 3rd tries for Home, SAFE, no throw or cutoff
Batting: RHB Jim Unknown 0-0: Ball
1-0: Ball
2-0: SINGLE (Line Drive, 56D)
En-lai Gao to second
Batting: RHB Bob McNeil 0-0: Ball
1-0: Swinging Strike
1-1: Ball
2-1: Ball
3-1: SINGLE (Groundball, 5L)
En-lai Gao to third
Jim Unknown to second
Runner from 3rd tries for Home, SAFE, no throw or cutoff
Batting: RHB Jim Unknown 0-0: Ball
1-0: Fly out, F2 (Popup, 23F)
Bottom of the 5th over - 3 run(s), 5 hit(s), 0 error(s), 2 left on base; Scranton 7 - Wilmington 5
TOP OF THE 6TH
Scranton Supernovas batting - Pitching for Wilmington Bay Hawks : RHP Jim Unknown
Batting: RHB Ethan Stanford 0-0: Swinging Strike
0-1: Ball
1-1: Ball
2-1: Swinging Strike
2-2: Foul Ball, location: 2F
2-2: Ball
3-2: Ground out 1-3 (Groundball, 13S)
Batting: RHB Stephen Blair 0-0: Ball
1-0: Foul Ball, location: 2F
1-1: Ball
2-1: Foul Ball, location: 2F
2-2: Ball
3-2: Foul Ball, location: 2F
3-2: Foul Ball, location: 2F
3-2: Foul Ball, location: 2F
3-2: Foul Ball, location: 2F
3-2: Base on Balls
Batting: RHB Jerome Wilson 0-0: Ball
1-0: Swinging Strike
1-1: Ball
Stephen Blair steals 2nd base
2-1: Intentional Walk
Batting: RHB Jim Unknown 0-0: Ball
1-0: Called Strike
1-1: Foul Ball, location: 2F
1-2: Ball
2-2: Strikes out swinging
Batting: RHB Josh Stafford 0-0: Ball
1-0: Ball
2-0: Ball
3-0: Called Strike
3-1: Base on Balls
Stephen Blair to third
Jerome Wilson to second
Batting: RHB Jesús Rodríguez 0-0: Ball
1-0: Foul Ball, location: 2F
1-1: Swinging Strike
1-2: Ball
2-2: Strikes out swinging
Top of the 6th over - 0 run(s), 0 hit(s), 0 error(s), 3 left on base; Scranton 7 - Wilmington 5
BOTTOM OF THE 6TH
Wilmington Bay Hawks batting - Pitching for Scranton Supernovas : RHP Jim Unknown
Batting: LHB Jim Unknown 0-0: Foul Ball, location: 2F
0-1: Foul Ball, location: 2F
0-2: Ball
1-2: Fly out, F8 (Flyball, 8RD)
Batting: SHB José Martínez 0-0: Called Strike
0-1: Ball
1-1: Foul Ball, location: 2F
1-2: Strikes out swinging
Batting: RHB Manny Freitas 0-0: Ball
1-0: Foul Ball, location: 2F
1-1: Fly out, F6 (Line Drive, 6)
Bottom of the 6th over - 0 run(s), 0 hit(s), 0 error(s), 0 left on base; Scranton 7 - Wilmington 5
TOP OF THE 7TH
Scranton Supernovas batting - Pitching for Wilmington Bay Hawks : RHP Jim Unknown
Batting: LHB Héctor Torres 0-0: Ball
1-0: SOLO HOME RUN (Flyball, 78D), Distance : 388 ft
Batting: RHB Patrizio Vanali 0-0: Fly out, F3 (Popup, 34S)
Batting: RHB Brad Jacobson 0-0: Ball
1-0: Swinging Strike
1-1: Foul Ball, location: 2F
1-2: SINGLE (Groundball, 5D)
Batting: RHB Ethan Stanford 0-0: Called Strike
0-1: Swinging Strike
0-2: Ball
1-2: Strikes out swinging
Batting: RHB Stephen Blair 0-0: SINGLE (Groundball, 56D)
Brad Jacobson to second
Pitching: LHP Jim Unknown
Batting: RHB Jerome Wilson 0-0: Ball
1-0: Foul Ball, location: 2F
1-1: Foul Ball, location: 2F
1-2: Foul Ball, location: 2F
1-2: Ball
2-2: Ball
3-2: Ground out 6-3 (Groundball, 6M)
Top of the 7th over - 1 run(s), 3 hit(s), 0 error(s), 2 left on base; Scranton 8 - Wilmington 5
BOTTOM OF THE 7TH
Wilmington Bay Hawks batting - Pitching for Scranton Supernovas : RHP Jim Unknown
Batting: LHB Phil Parkinson 0-0: Swinging Strike
0-1: Ball
1-1: Ball
2-1: Called Strike
2-2: Foul Ball, location: 2F
2-2: Ball
3-2: SINGLE (Line Drive, 9S)
Pitching: RHP Dan Riggs
Batting: RHB Phil Terry 0-0: Called Strike
0-1: Ball
Phil Parkinson steals 2nd base
1-1: Ball
2-1: Fly out, F4 (Popup, 4M)
Batting: LHB En-lai Gao 0-0: Called Strike
0-1: Ball
1-1: Foul Ball, location: 2F
1-2: Foul Ball, location: 2F
1-2: Ball
2-2: DOUBLE (Flyball, 8RD)
Phil Parkinson scores
Batting: RHB Jim Unknown 0-0: Ball
1-0: Called Strike
1-1: SINGLE (Groundball, 56D)
En-lai Gao to third
Runner from 3rd tries for Home, throw and OUT!
Batting: RHB Bob McNeil 0-0: Foul Ball, location: 2F
0-1: Ball
1-1: Foul Ball, location: 2F
1-2: Strikes out swinging
Bottom of the 7th over - 1 run(s), 3 hit(s), 0 error(s), 1 left on base; Scranton 8 - Wilmington 6
TOP OF THE 8TH
Scranton Supernovas batting - Pitching for Wilmington Bay Hawks : LHP Jim Unknown
Batting: RHB Jim Unknown 0-0: Called Strike
0-1: Ball
1-1: Foul Ball, location: 2F
1-2: Ball
2-2: DOUBLE (Flyball, 78M)
Batting: RHB Josh Stafford 0-0: Called Strike
0-1: SINGLE (Line Drive, 56)
Jim Unknown to third
Batting: RHB Jesús Rodríguez 0-0: Ball
1-0: Called Strike
1-1: Foul Ball, location: 2F
1-2: Foul Ball, location: 2F
1-2: Foul Ball, location: 2F
1-2: Ball
2-2: Ball
3-2: Foul Ball, location: 2F
3-2: Strikes out swinging
Pinch Hitting: RHB Lance Davis 0-0: Ball
1-0: Ball
2-0: Fly out, F9 (Flyball, 9S)
Batting: RHB Patrizio Vanali 0-0: Ball
1-0: Called Strike
1-1: Called Strike
1-2: Ball
2-2: Hit by Pitch
Josh Stafford to second
Batting: RHB Brad Jacobson 0-0: Ball
1-0: Ball
2-0: Ball
3-0: Called Strike
3-1: Base on Balls
Jim Unknown scores
Josh Stafford to third
Patrizio Vanali to second
Batting: RHB Ethan Stanford 0-0: Called Strike
0-1: Ball
1-1: Foul Ball, location: 2F
1-2: Ball
2-2: SINGLE (Line Drive, 89S)
Josh Stafford scores
Patrizio Vanali to third
Brad Jacobson to second
Throwing error, E9
Patrizio Vanali scores
Brad Jacobson to third
Ethan Stanford to second
Pitching: LHP Jim Unknown
Batting: RHB Stephen Blair 0-0: Ball
1-0: Called Strike
1-1: Called Strike
1-2: Strikes out swinging
Top of the 8th over - 3 run(s), 3 hit(s), 1 error(s), 2 left on base; Scranton 11 - Wilmington 6
BOTTOM OF THE 8TH
Wilmington Bay Hawks batting - Pitching for Scranton Supernovas : RHP Dan Riggs
Now at C: Steven Johnson
Now at 1B: Lance Davis
Batting: RHB Jim Unknown 0-0: Called Strike
0-1: Fly out, F9 (Flyball, 9LM)
Batting: LHB Jim Unknown 0-0: Called Strike
0-1: Called Strike
0-2: Foul Ball, location: 2F
0-2: Ball
1-2: Ball
2-2: Strikes out swinging
Batting: SHB José Martínez 0-0: Ball
1-0: Ground out 3-1 (Groundball, 34)
Bottom of the 8th over - 0 run(s), 0 hit(s), 0 error(s), 0 left on base; Scranton 11 - Wilmington 6
TOP OF THE 9TH
Scranton Supernovas batting - Pitching for Wilmington Bay Hawks : LHP Jim Unknown
Batting: RHB Jerome Wilson 0-0: Called Strike
0-1: Foul Ball, location: 2F
0-2: Ball
1-2: Foul Ball, location: 2F
1-2: Ball
2-2: Ball
3-2: Base on Balls
Batting: RHB Jim Unknown 0-0: Bunted foul
0-1: Called Strike
Jerome Wilson steals 2nd base
0-2: Ground out 5-3 (Groundball, 56)
Batting: RHB Josh Stafford 0-0: Ball
1-0: Foul Ball, location: 2F
1-1: Ground out 5-3 (Groundball, 56S)
Jerome Wilson to third
Batting: RHB Jesús Rodríguez 0-0: Fly out, F8 (Flyball, 78M)
Top of the 9th over - 0 run(s), 0 hit(s), 0 error(s), 1 left on base; Scranton 11 - Wilmington 6
BOTTOM OF THE 9TH
Wilmington Bay Hawks batting - Pitching for Scranton Supernovas : RHP Dan Riggs
Pitching: RHP Jim Unknown
Now at SS: Phil Fleming
Batting: RHB Manny Freitas 0-0: Ball
1-0: Ball
2-0: Foul Ball, location: 2F
2-1: Foul Ball, location: 2F
2-2: Foul Ball, location: 2F
2-2: Foul Ball, location: 2F
2-2: Ball
3-2: SINGLE (Groundball, 15) (infield hit)
Batting: LHB Phil Parkinson 0-0: Ball
1-0: Ball
2-0: Fly out, F9 (Line Drive, 9D)
Batting: RHB Phil Terry 0-0: Ball
1-0: Ball
2-0: Ball
3-0: Base on Balls
Manny Freitas to second
Batting: LHB En-lai Gao 0-0: Foul Ball, location: 2F
0-1: Ball
1-1: SINGLE (Groundball, 4MD)
Manny Freitas to third
Phil Terry to second
Runner from 3rd tries for Home, SAFE, throw made at trailing runner, SAFE at third!
Batting: RHB Jim Unknown 0-0: Ball
1-0: Fly out, F9 (Flyball, 9D)
Runner from 3rd tags up, SCORES, no throw
Batting: RHB Bob McNeil 0-0: Called Strike
0-1: Called Strike
0-2: Foul Ball, location: 2F
0-2: Strikes out looking
Bottom of the 9th over - 2 run(s), 2 hit(s), 0 error(s), 1 left on base; Scranton 11 - Wilmington 8
This league is powered by Out of the Park Baseball, the baseball management simulation game for PC, Mac and Linux
Friday, April 15th, 2016 - OOTP Baseball 16.9 Build 39